Map: Acid Plant LE

Players

Patience - Winner!

  • Race: Protoss Protoss
  • Spawn Location: 11:00

Zanster

  • Race: Zerg Zerg
  • League: Master
  • Spawn Location: 5:00

Event: HomeStory Cup XVII

VOD

Have the link to the VOD?

Description

Time

  • Played on: June 29, 2018, 2:45 p.m.
  • Length: 9:46

All games in this series

Show
View Real Time Build Order
Export as new Build Order

Patience Protoss - Winner!

Build Orders: Oracle Opening, Archon Immortal, Zealot Archon 

Get SALT Encoding   

  12  0:00  Probe  
  13  0:13  Probe  
  14  0:20  Pylon  
  14  0:24  Probe  
  15  0:34  Probe  
  15  0:40  Gateway  
  16  0:42  Probe  
  16  0:48  Assimilator  
  17  0:56  Probe  
  18  1:08  Probe  
  19  1:20  Probe  
  20  1:27  Cybernetics Core  
  20  1:28  Zealot  
  20  1:32  Pylon  
  22  1:33  Probe  
  23  1:42  Assimilator  
  23  1:50  Probe  
  24  1:54  Adept  
  24  2:02  Probe  
  24  2:07  Warp Gate  
  27  2:13  Adept  
  27  2:14  Probe  
  30  2:28  Nexus  
  31  2:33  Pylon  
  31  2:36  Probe  
  31  2:51  Adept, Probe  
  34  3:05  Probe  
  34  3:12  Stargate  
  33  3:13  Probe  
  33  3:19  Adept  
  36  3:21  Probe  
  33  3:32  Gateway  
  33  3:33  Probe  
  34  3:37  Adept  
  34  3:43  Shield Battery  
  34  3:45  Probe x2  
  34  3:48  Oracle  
  36  3:57  Probe x2  
  41  4:09  Probe x2  
  43  4:13  Robotics Facility  
  43  4:15  Assimilator  
  43  4:16  Adept  
  45  4:20  Assimilator  
  45  4:21  Probe  
  45  4:22  Probe  
  45  4:24  Phoenix  
  49  4:32  Twilight Council  
  49  4:33  Probe  
  49  4:34  Probe  
  53  4:52  Gateway  
  53  4:53  Gateway  
  53  4:56  Pylon  
  51  5:03  Void Ray  
  51  5:05  Immortal  
  51  5:07  Shield Battery  
  51  5:10  Shield Battery  
  51  5:20  Dark Shrine  
  55  5:25  Probe x2  
  57  5:29  Pylon  
  57  5:37  Immortal  
  57  5:44  Probe x2, Resonating Glaives  
  63  5:50  Sentry x2  
  67  6:00  Adept  
  67  6:04  Shield Battery x2  
  69  6:07  Pylon  
  69  6:08  Pylon  
  69  6:12  Forge  
  69  6:17  Immortal  
  73  6:32  Dark Templar  
  73  6:33  Dark Templar x2  
  79  6:47  Gateway, Warp Prism  
  79  6:48  Gateway  
  79  6:50  Gateway  
  79  6:53  Protoss Ground Weapons Level 1  
  81  7:21  Nexus, Dark Templar x2  
  85  7:23  Pylon  
  85  7:25  Archon  
  85  7:33  Observer  
  86  7:38  Pylon  
  86  7:39  Pylon  
  86  7:46  Dark Templar  
  86  7:47  Dark Templar x2  
  86  7:50  Archon x2  
  92  7:55  Pylon  
  92  7:56  Archon  
  92  7:57  Adept x3  
  98  8:07  Immortal  
  98  8:12  Zealot  
  104  8:18  Adept x2  
  104  8:19  Adept  
  110  8:26  Adept x2  
  114  8:27  Adept  
  106  8:54  Adept x3  
  106  8:55  Adept x3  
  116  9:02  Probe x3  
  118  9:05  Adept  
  118  9:14  Pylon  
  118  9:25  Adept, Sentry x3  
  118  9:26  Adept  
  122  9:31  Adept  
  122  9:32  Adept  
Show
View Real Time Build Order
Export as new Build Order

Zanster Zerg 

Build Orders: Pool First 

Get SALT Encoding   

  12  0:00  Drone  
  13  0:13  Overlord  
  13  0:16  Drone  
  14  0:31  Drone x2  
  14  0:35  Drone  
  17  0:46  Drone, Extractor  
  17  0:50  Spawning Pool  
  17  0:56  Drone  
  17  1:10  Drone  
  18  1:20  Hatchery  
  17  1:36  Zergling x4  
  17  1:37  Queen  
  21  1:44  Overlord  
  21  1:50  Metabolic Boost  
  21  1:54  Drone  
  22  2:03  Drone  
  23  2:12  Drone  
  24  2:15  Queen  
  24  2:22  Zergling x2  
  27  2:32  Queen  
  27  2:33  Zergling x2  
  27  2:35  Zergling x2  
  31  2:45  Zergling x2  
  31  2:47  Drone  
  31  2:49  Drone  
  34  2:55  Drone  
  33  3:06  Zergling x4  
  33  3:07  Zergling x2  
  35  3:13  Overlord  
  33  3:21  Drone  
  33  3:24  Drone  
  33  3:25  Drone  
  36  3:33  Drone  
  37  3:40  Drone x2  
  37  3:41  Drone  
  39  3:48  Drone x4  
  43  3:49  Drone  
  43  3:53  Overlord  
  44  4:05  Roach Warren  
  42  4:11  Overlord, Queen  
  42  4:13  Drone, Extractor  
  42  4:15  Drone x2  
  46  4:18  Overlord  
  46  4:27  Drone  
  46  4:28  Spore Crawler  
  46  4:30  Drone  
  47  4:32  Spore Crawler, Drone  
  47  4:42  Drone x3  
  47  4:46  Roach x4  
  47  4:48  Zergling x4  
  47  4:50  Zergling x2  
  58  5:07  Zergling x2  
  59  5:08  Overlord  
  59  5:09  Overlord x2  
  59  5:17  Zergling x2  
  59  5:18  Overlord  
  59  5:21  Overlord  
  60  5:30  Roach x3  
  60  5:31  Roach x2  
  60  5:33  Ravager x3  
  60  5:34  Ravager  
  74  5:39  Zergling x2  
  74  5:40  Zergling x4  
  77  5:46  Queen  
  79  5:51  Ravager x3  
  79  5:53  Zergling x8  
  79  5:56  Zergling x4  
  88  6:04  Ravager  
  88  6:06  Zergling x2  
  88  6:07  Zergling x2  
  89  6:18  Hatchery  
  89  6:20  Drone  
  88  6:26  Drone x6, Ravager  
  88  6:28  Drone  
  96  6:39  Overlord  
  96  6:42  Lair  
  96  6:45  Overlord  
  94  6:49  Overlord  
  94  6:52  Overlord x2  
  92  6:54  Extractor  
  91  7:08  Drone  
  91  7:09  Drone x2  
  91  7:13  Drone x2  
  91  7:14  Drone x5  
  101  7:23  Hatchery  
  101  7:24  Spore Crawler  
  101  7:25  Overlord  
  100  7:32  Overlord  
  100  7:41  Overseer  
  100  7:43  Overseer  
  100  7:49  Hydralisk Den, Zergling x16  
  107  7:55  Hatchery  
  107  7:57  Overlord  
  106  8:07  Roach x2  
  108  8:14  Roach  
  108  8:18  Roach  
  104  8:22  Hydralisk x3  
  104  8:25  Hydralisk  
  106  8:31  Hydralisk  
  101  8:35  Hydralisk, Queen  
  101  8:36  Hydralisk  
  101  8:40  Hydralisk  
  105  8:45  Overlord  
  101  8:49  Hydralisk  
  101  9:00  Hydralisk  
  101  9:02  Zergling x6  
  91  9:10  Queen  
  91  9:14  Hydralisk x2  
  97  9:20  Hydralisk x2  
Tags
 
Add a new tag
Caveats
  • Supply blocks, unpowered buildings, or Contaminate may cause inaccurate times.
  • Supply counts are checked every 10 seconds.